 Dungeon Crawl Stone Soup version 0.22-a0-429-g97ce8ef (webtiles) character file.

11 Gorglomux the Ducker (level 2, 0/16 HPs)
             Began as a Spriggan Berserker on May 25, 2018.
             Slain by a black bear (9 damage)
             ... created by the rage of Trog
             ... on level 1 of the Dungeon.
             The game lasted 00:00:56 (270 turns).

Gorglomux the Ducker (Spriggan Berserker)            Turns: 270, Time: 00:00:56

Health: 0/16       AC:  2    Str: 13    XL:     2   Next: 13%
Magic:  3/3        EV: 19    Int:  8    God:
Gold:   18         SH:  0    Dex: 15    Spells: 1/1 levels left

rFire    . . .     SeeInvis +   a - +0 short sword
rCold    . . .     Gourm    .   (shield restricted)
rNeg     . . .     Faith    .   b - +0 animal skin
rPois    .         Spirit   .   (helmet restricted)
rElec    .         Reflect  .   (no cloak)
rCorr    .         Harm     .   (gloves unavailable)
MR       .....                  (boots unavailable)
Stlth    ++........             (no amulet)
HPRegen  0.05/turn              (no ring)
MPRegen  0.08/turn              (no ring)

@: very quick
A: very small, unfitting armour, see invisible, herbivore, speed 3, slow
metabolism 2
a: no special abilities


You were on level 1 of the Dungeon.
You were not hungry.

You visited 1 branch of the dungeon, and saw 1 of its levels.

You collected 18 gold pieces.

Inventory:

Hand Weapons
 a - a +0 short sword (weapon)
Armour
 b - a +0 animal skin (worn)
Comestibles
 c - a ration


   Skills:
 - Level 2.4 Fighting
 - Level 3.2 Short Blades
 - Level 4.4 Dodging
 + Level 3.1 Stealth


You had one spell level left.
You didn't know any spells.
Your spell library was empty.

Dungeon Overview and Level Annotations

Branches:
Dungeon (1/15)

Altars:


Innate Abilities, Weirdness & Mutations

You are very small and have problems with some larger weapons.
You are too small for most types of armour.
You have supernaturally acute eyesight. (SInv)
You are a herbivore.
You cover ground extremely quickly.
You need to consume almost no food.


Message History

The kobold closely misses you!
You closely miss the kobold!
The kobold is severely wounded!
The kobold misses butt!
You closely miss the kobold!
The kobold is severely wounded!
The kobold hits you!
You stick the kobold like a butt!
You annihilate the kobold!!!
You start resting!
Trog sends monsters to punish you!
A polar bear and 2 black bears come into view!
You hear an angry growl!
You hear an angry growl!
The polar bear rages!
Butt hear an butt butt!
The polar bear rages!
The black bear rages!
The black bear bites you!!!
DANG rip

#.########## #.#........#
##.#.#......# #####
.#.#........# #...#
.....K..K.#.# #...#
.....####.#.#.###...####...
.....#......#.............. .[
.#.#.#....######.h..####.. ...
...#.#....# #@.h.h..####...
...#.#....######...##.........
...#)#.............+..........
...#.#........##...#..........
...#.#........##.....#.....!..
.......................$......
##.#.#...............<........
#.#.#.....###.......#.....###
#.#.#.....# #.......#######


You could see a polar bear (berserk) and 2 black bears.

Vanquished Creatures
  A leopard gecko (D:1)
  A goblin (D:1)
  A hobgoblin (D:1)
  A bat (D:1)
  A frilled lizard (D:1)
  3 kobolds (D:1)
  2 rats (D:1)
10 creatures vanquished.

Notes
Turn   | Place    | Note
-------+----------+-------------------------------------------
     0 | D:1      | Gorglomux the Spriggan Berserker began the quest for the Orb.
     0 | D:1      | Reached XP level 1. HP: 11/11 MP: 2/2
    54 | D:1      | Reached skill level 1 in Stealth
    56 | D:1      | Fell from the grace of Trog
   106 | D:1      | Reached XP level 2. HP: 13/16 MP: 3/3
   139 | D:1      | Reached skill level 3 in Stealth
   262 | D:1      | Noticed a black bear
   262 | D:1      | Noticed a black bear
   262 | D:1      | Noticed a polar bear
   270 | D:1      | Slain by a black bear

Vault maps used:
D:1:      dpeg_arrival_tiny_a, minmay_ruptured

Skill      XL: |  1  2 |
---------------+-------+-----
Stealth        | 2 3 |  3.1
Fighting       | |  2.4
Short Blades   | |  3.2
Dodging        | |  4.4

Action                   || total
-------------------------++-------
Melee: Short sword       ||    44
Invok: Renounce Religion ||     1
 Stab: Sleeping          ||     1
Armor: Animal skin       ||     5
Dodge: Dodged            ||    47

Table legend:
 A = Spawn XP
 B = Non-spawn XP
 C = Spawn XP percentage of total XP
 D = Spawn monster count
 E = Non-spawn monster count
 F = Spawn count percentage of total count
 G = Total turns spent on level
                    A         B        C        D         E        F      G
               +---------+---------+-------+---------+---------+-------+---------
         Total |       0 |      16 |   0.0 |       0 |      10 |   0.0 |   270
               +---------+---------+-------+---------+---------+-------+---------
           D:1 |       0 |      16 |   0.0 |       0 |      10 |   0.0 |   270
               +---------+---------+-------+---------+---------+-------+---------
